 Dungeon Crawl Stone Soup version 0.29-a0-819-g94b489e0ae (webtiles) character file.

Game seed: 9580958582587260465

3951 RevDB the Skirmisher (level 10, 0/46 HPs)
             Began as a Spriggan Hunter on July 6, 2022.
             Was a Believer of Okawaru.
             Slain by an eight-headed hydra (10 damage)
             ... on level 9 of the Dungeon.
             The game lasted 01:21:17 (8188 turns).

RevDB the Skirmisher (Spriggan Hunter)              Turns: 8188, Time: 01:21:25

Health: 0/46       AC:  4    Str:  7    XL:     10   Next: 2%
Magic:  14/14      EV: 27    Int: 16    God:    Okawaru [**....]
Gold:   840        SH:  0    Dex: 24    Spells: 9/13 levels left

rFire   . . .      SeeInvis +   a - +2 shortbow (venom)
rCold   . . .      Faith    .   (shield currently unavailable)
rNeg    . . .      Spirit   .   N - +2 robe {Will+}
rPois   .          Reflect  .   (helmet restricted)
rElec   .          Harm     +   X - scarf {harm}
rCorr   .          Rampage  .   (gloves unavailable)
Will    ++...                   (boots unavailable)
Stlth   +++.......              V - amulet of the acrobat
HPRegen 0.15/turn               x - +6 ring of intelligence
MPRegen 0.14/turn               I - +4 ring of slaying

@: very quick
A: very small, no large weapons, unfitting armour, see invisible, speed 3
a: Renounce Religion, Heroism


You were on level 9 of the Dungeon.
You worshipped Okawaru.
Okawaru was pleased with you.
You visited 2 branches of the dungeon, and saw 10 of its levels.
You also visited: Ossuary.

You collected 840 gold pieces.

Inventory:

Hand Weapons
 a - a +2 shortbow of venom (weapon)
 b - the +10 flail "Jenasob" {venom, Will+ MP+9 Str+4 Stlth+}
   (You found it on level 7 of the Dungeon)

   It poisons the flesh of those it strikes.
   Str:       It affects your strength (+4).
   MP:        It affects your magic capacity (+9).
   Will:      It increases your willpower.
   Stlth:     It makes you more stealthy.
 c - a +4 flail
 e - a +0 short sword
 l - a +2 flail of protection
 E - a +0 dagger
 J - a +2 scimitar of protection
 L - a +0 dagger of freezing
 P - a +2 dagger of flaming
 U - a +0 dagger of venom
 Y - a +0 whip of draining
Armour
 C - the +9 scales of the Dragon King {rPois rF+ rC+ Will+}
   (You found it on level 6 of the Dungeon)

   rF:        It protects you from fire.
   rC:        It protects you from cold.
   rPois:     It protects you from poison.
   Will:      It increases your willpower.
 N - a +2 robe of willpower (worn)
 X - a scarf of harm (worn)
Jewellery
 p - a +6 ring of strength
 x - a +6 ring of intelligence (left hand)
 z - a ring of protection from cold
 I - a +4 ring of slaying (right hand)
 O - a ring of see invisible
 Q - a ring of poison resistance
 V - an amulet of the acrobat (around neck)
Wands
 K - a wand of roots (13)
Scrolls
 f - 5 scrolls of teleportation
 k - a scroll of silence
 m - 3 scrolls of fear
 r - a scroll of enchant armour
 v - a scroll of torment
 y - 3 scrolls of enchant weapon
 A - 2 scrolls of vulnerability
 B - a scroll of fog
 D - 4 scrolls of blinking
 G - a scroll of summoning {unknown}
 H - a scroll of acquirement {unknown}
 S - 4 scrolls of identify
 W - a scroll of brand weapon
Potions
 d - 4 potions of might {unknown}
 g - 3 potions of haste
 h - 4 potions of mutation {unknown}
 i - 6 potions of heal wounds {unknown}
 j - 3 potions of lignification {unknown}
 n - a potion of flight {unknown}
 o - 4 potions of curing {unknown}
 q - 2 potions of attraction {unknown}
 s - 3 potions of degeneration {unknown}
 t - a potion of ambrosia {unknown}
 u - 2 potions of cancellation {unknown}
 w - a potion of magic {unknown}
 F - a potion of resistance {unknown}
 M - a potion of berserk rage {unknown}
 R - 2 potions of invisibility {unknown}
 T - 2 potions of brilliance {unknown}


   Skills:
 - Level 2.0 Fighting
 * Level 11.7 Ranged Weapons
 - Level 0.3 Armour
 + Level 9.7 Dodging
 - Level 3.0 Stealth
 + Level 2.3 Spellcasting
 - Level 7.1 Translocations


You had 9 spell levels left.
You knew the following spells:

 Your Spells              Type           Power      Damage    Failure   Level
a - Passage of Golubria   Tloc           24%        N/A       11%         4

Your spell library contained the following spells:

 Spells                   Type           Power      Damage    Failure   Level
 Magic Dart               Conj           4%         1d3       21%         1
 Necrotise                Necr           4%         1d4       21%         1
 Mephitic Cloud           Conj/Pois/Air  1%         N/A       52%         3
 Stone Arrow              Conj/Erth      2%         3d7       52%         3
 Vampiric Draining        Necr           1%         2d6       52%         3
 Agony                    Necr           1%         N/A       99%         5
 Silence                  Hex/Air        0%         N/A       99%         5
 Orb of Destruction       Conj           0%         9d5       100%        7
 Lehudib's Crystal Spear  Conj/Erth      0%         10d2      100%        8
 Call Imp                 Summ           Unusable   N/A       N/A         2
 Summon Guardian Golem    Hex/Summ       Unusable   N/A       N/A         3
 Animate Armour           Summ/Erth      Unusable   N/A       N/A         4
 Spellforged Servitor     Conj/Summ      Unusable   N/A       N/A         7

Dungeon Overview and Level Annotations

Branches:
Dungeon (9/15)             Temple (1/1) D:6         Ossuary (visited)
   Lair: D:8-11         Orc: D:9-12

Altars:
Ashenzari
Cheibriados
Dithmenos
Elyvilon
Fedhas
Gozag
Hepliaklqana
Kikubaaqudgha
Makhleb
Nemelex Xobeh
Okawaru
Qazlal
Sif Muna
Uskayaw
Vehumet
Wu Jian
Xom
Yredelemnul
Zin
The Shining One

Shops:
D:2 *


Innate Abilities, Weirdness & Mutations

You are very small and have problems with some larger weapons.
You are too small for most types of armour.
You have supernaturally acute eyesight. (SInv)
You cover ground extremely quickly. (Speed+++)


Message History

You shoot an arrow.
The arrow hits the wyvern but does no damage.
The wyvern misses you.
Fire: a) +2 shortbow (venom)
Press: ? - help, Q - select action, (/) - cycle Shift-Dir - straight line, f/p - wyvern
Aim: a wyvern (73% to hit)
You shoot an arrow. The arrow hits the wyvern.
The wyvern is poisoned.
The wyvern is lightly wounded.
The wyvern completely misses you. x2
Fire: a) +2 shortbow (venom)
Press: ? - help, Q - select action, (/) - cycle Shift-Dir - straight line, f/p - wyvern
Aim: a wyvern (very poisoned, 73% to hit)
You shoot an arrow. The arrow hits the wyvern.
The wyvern looks as sick as possible!
The wyvern is lightly wounded.
The wyvern completely misses you.
There is an open door here.
Fire: a) +2 shortbow (venom)
Press: ? - help, Q - select action, (/) - cycle Shift-Dir - straight line, f/p - wyvern
Aim: a wyvern (heavily wounded, very poisoned, 73% to hit)
You shoot an arrow. The arrow hits the wyvern.
The wyvern looks as sick as possible!
The wyvern is heavily wounded.
The wyvern hisses menacingly.
The wyvern hisses menacingly.
You kill the wyvern!
Okawaru accepts your kill.
You have reached level 10!
You feel agile.
You see here a wyvern corpse.
There is an open door here.
There is a stone staircase leading down here.
You climb downwards.
The eight-headed hydra closely misses you.
The eight-headed hydra bites you! The eight-headed hydra bites you.
The eight-headed hydra barely misses you.
The eight-headed hydra bites you!
* * * LOW HITPOINT WARNING * * *
The eight-headed hydra bites you!
You die...

≈≈.≈≈ ###≈.≈#
≈#≈.≈# .....
#≈.≈#
#####≈.≈#####≈.
≈≈≈≈≈≈.≈≈≈≈≈≈≈.
#...@...#
#...D...#
#..$....#
###.#.### .# #.
.# #. . . . #


You could see an eight-headed hydra.

Vanquished Creatures
  3 wyverns (D:8)
  A steam dragon (D:8)
  A water moccasin (D:8)
  Duvessa (D:7)
  A black bear (D:6)
  2 orc warriors (D:7)
  A sky beast (D:6)
  5 ogres
  A centaur (D:6)
  A phantom (D:6)
  2 kobold brigands
  Blork the orc (D:5)
  3 bullfrogs
  A necrophage (D:6)
  5 scorpions
  Dowan (D:7)
  A howler monkey (D:5)
  A lava snake (D:7)
  11 hounds
  5 jellies
  3 gnoll boudas (D:7)
  5 orc priests
  2 iguanas (D:5)
  5 orc wizards
  8 mummies (Ossuary)
  15 gnolls
  3 adders
  9 river rats (D:8)
  A shadow imp (D:7)
  A white imp (D:7)
  2 ufetubi
  16 orcs
  5 ball pythons
  A bat (D:2)
  4 endoplasms
  4 giant cockroaches
  5 goblins
  9 hobgoblins
  6 jackals
  5 quokkas
  2 frilled lizards
  A hobgoblin zombie (Ossuary)
  22 kobolds
  3 kobold zombies (Ossuary)
  4 orc zombies (Ossuary)
  17 rats
206 creatures vanquished.

Vanquished Creatures (others)
  A fungus (D:4)
  4 plants (D:7)
5 creatures vanquished.

Grand Total: 211 creatures vanquished

Notes
Turn   | Place    | Note
-------+----------+-------------------------------------------
     0 | D:1      | RevDB the Spriggan Hunter began the quest for the Orb.
     0 | D:1      | Reached XP level 1. HP: 10/10 MP: 2/2
   365 | D:1      | Reached XP level 2. HP: 15/15 MP: 3/3
  1030 | D:2      | Found Agopt's Assorted Antiques.
  1062 | D:2      | Reached XP level 3. HP: 18/18 MP: 5/5
  1487 | D:3      | Found a faded altar of an unknown god.
  1494 | D:3      | Reached skill level 1 in Spellcasting
  1500 | D:3      | Got Plato's Papyrus of Blows and Bruises
  1748 | D:4      | Noticed a scorpion
  1753 | D:4      | Reached XP level 4. HP: 21/23 MP: 6/6
  1767 | D:3      | Killed a scorpion
  1768 | D:3      | Reached skill level 5 in Ranged Weapons
  1816 | D:3      | Reached XP level 5. HP: 22/26 MP: 7/7
  2107 | D:5      | Entered Level 5 of the Dungeon
  2130 | D:5      | Reached skill level 6 in Ranged Weapons
  2130 | D:5      | Found a sand-covered staircase.
  2135 | Ossuary  | Entered an ossuary
  2171 | Ossuary  | Reached skill level 5 in Dodging
  2171 | Ossuary  | Reached XP level 6. HP: 8/30 MP: 8/8
  2548 | D:4      | Found a snail-covered altar of Cheibriados.
  2548 | D:4      | Found a basalt altar of Yredelemnul.
  3106 | D:4      | Reached skill level 7 in Ranged Weapons
  3106 | D:4      | Reached XP level 7. HP: 35/35 MP: 9/9
  3359 | D:4      | Noticed a +0 spear
  3360 | D:4      | Noticed a +0 dagger
  3361 | D:4      | Noticed a +0 spear
  3361 | D:4      | Noticed a +0 falchion
  3361 | D:4      | Noticed a +0 short sword
  3362 | D:4      | Noticed a +0 dagger
  3362 | D:4      | Noticed a +0 falchion
  3362 | D:4      | Noticed a +0 short sword
  3364 | D:4      | Found a hide-covered altar of Uskayaw.
  3492 | D:4      | You fall into a shaft and drop 2 floors!
  3653 | D:6      | Reached skill level 8 in Ranged Weapons
  3679 | D:6      | Reached XP level 8. HP: 39/39 MP: 10/10
  3738 | D:6      | Found the +9 scales of the Dragon King {rPois rF+ rC+
                  | Will+}
  4037 | D:5      | Reached skill level 1 in Translocations
  4078 | D:5      | Reached skill level 9 in Ranged Weapons
  4990 | D:5      | Noticed Blork the orc
  4996 | D:5      | Killed Blork the orc
  5004 | D:5      | Found a shimmering blue altar of Sif Muna.
  5017 | D:5      | Learned a level 4 spell: Passage of Golubria
  5632 | D:6      | Reached skill level 10 in Ranged Weapons
  5786 | D:6      | Found a staircase to the Ecumenical Temple.
  5792 | Temple   | Entered the Ecumenical Temple
  5809 | Temple   | Became a worshipper of Warmaster Okawaru
  5846 | D:7      | Found a glowing golden altar of the Shining One.
  5972 | D:7      | Reached XP level 9. HP: 42/42 MP: 11/11
  6125 | D:7      | Noticed Duvessa
  6125 | D:7      | Noticed Dowan
  6132 | D:7      | Killed Duvessa
  6133 | D:7      | Killed Dowan
  6134 | D:7      | Reached skill level 5 in Translocations
  6369 | D:7      | Reached * piety under Okawaru
  6448 | D:7      | Identified the +10 flail "Jenasob" {venom, Will+ MP+9 Str+4
                  | Stlth+}
  6601 | D:8      | Reached skill level 11 in Ranged Weapons
  8123 | D:9      | Noticed an eight-headed hydra
  8158 | D:8      | Reached ** piety under Okawaru
  8159 | D:8      | Reached XP level 10. HP: 46/46 MP: 14/14
  8188 | D:9      | Slain by an eight-headed hydra

Illustrated notes

Levels and vault maps discovered:
D:1:      nicolae_arrival_washed_ashore, layout_rooms
D:2:      layout_basic, serial_shops, shop, minmay_cut_off
D:3:      layout_loops_ring, shapermc_ecumenical_altar_rom_forum
D:4:      layout_gridville, nicolae_uskayaw_en_pointe,
          gammafunk_temple_overflow_wave, dreamdust_gnoll_farm
D:5:      layout_basic, tgw_sif, enter_ossuary_3
D:6:      layout_rooms, minmay_temple_entry_enclosed_plants,
          minmay_quadrilaterals
D:7:      kennysheep_housing_project, layout_loops_ring, tso_oasis_becter,
          chequers_serial_rivers_small_a, kennysheep_generic_room_4,
          uniq_duvessa
D:8:      layout_basic, dk_rats_in_the_wall
D:9:      layout_loops_cross, nicolae_overflow_two_pavilions, chequers_jeans,
          minmay_strange_pillars
Temple:   minmay_freezing_vapour_temple

Skill      XL: |  1  2  3  4  5  6  7  8  9 |
---------------+----------------------------+-----
Stealth        | 2 3 |  3.0
Dodging        | 3 4 5 7 9 |  9.7
Fighting       | 2 |  2.0
Spellcasting   | 1 2 |  2.3
Ranged Weapons | 5 6 7 8 10 11 | 11.7
Translocations | 4 7 |  7.1
Armour         | |  0.3

Action                   |  1- 3 |  4- 6 |  7- 9 | 10-12 || total
-------------------------+-------+-------+-------+-------++-------
Melee: Dagger            |    26 |       |    12 |       ||    38
       Flail             |       |       |    18 |       ||    18
       Punch             |       |       |     1 |       ||     1
 Fire: Shortbow          |    64 |    73 |   321 |       ||   458
 Cast: Passage of Golubr |       |       |     6 |       ||     6
  Use: Scroll            |     5 |     4 |     6 |       ||    15
 Stab: Sleeping          |     1 |       |     3 |       ||     4
Armor: Robe              |     2 |     3 |     5 |       ||    10
       Gold dragon scale |       |       |     8 |       ||     8
Dodge: Dodged            |    35 |    41 |   102 |     2 ||   180

Table legend: (Time is in decaauts)
 A = Elapsed time spent in this place.
 B = Non-inter-level travel time spent in this place.
 C = Inter-level travel time spent in this place.
 D = Time resting spent in this place.
 E = Time spent auto-exploring this place.
 F = Levels seen in this place.
 G = Mean time per level.
                   A        B        C        D        E       F      G
               +--------+--------+--------+--------+--------+-----+--------+
         Total |   5841 |   5777 |     64 |    846 |    974 |  11 |  531.0 |
       Dungeon |   5526 |   5462 |     64 |    702 |    974 |   9 |  614.0 |
        Temple |     19 |     19 |      0 |      0 |      0 |   1 |   19.0 |
       Ossuary |    296 |    296 |      0 |    144 |      0 |   1 |  296.0 |
               +--------+--------+--------+--------+--------+-----+--------+

Top non-repeatable levels by time:
     D:5: 1024 daAuts
     D:4: 997 daAuts
     D:7: 935 daAuts
     D:8: 682 daAuts
     D:2: 542 daAuts
     D:6: 482 daAuts
     D:3: 479 daAuts
     D:1: 355 daAuts
 Ossuary: 296 daAuts
     D:9: 26 daAuts
  Temple: 19 daAuts
